 Dungeon Crawl Stone Soup version 0.20.1-1-g8b1a95d (webtiles) character file.

595 Peloso the Slasher (level 7, 0/63 HPs)
             Began as a Deep Dwarf Fighter on Aug 13, 2017.
             Slain by a gnoll
             ... wielding a +0 spear
              (4 damage)
             ... on level 4 of the Dungeon.
             The game lasted 00:05:45 (2118 turns).

Peloso the Slasher (Deep Dwarf Fighter)             Turns: 2118, Time: 00:05:46

Health: 0/63       AC:  8    Str: 22    XL:     7   Next: 17%
Magic:  7/7        EV:  8    Int:  8    God:
Gold:   179        SH: 10    Dex: 12    Spells: 6/6 levels left

rFire    . . .     SeeInvis .   a - +0 long sword
rCold    . . .     Gourm    +   c - +0 shield
rNeg     . . .     Faith    .   b - +0 scale mail
rPois    .         Spirit   .   k - +0 helmet
rElec    .         Reflect  .   (no cloak)
rCorr    .         Harm     .   (no gloves)
MR       +....                  (no boots)
Stlth    ..........             v - amulet of the gourmand
Regen    0.0/turn               (no ring)
MPRegen  0.1/turn               (no ring)

@: non-regenerating
A: damage resistance, heal wounds, sense surroundings 1, no regeneration
a: Heal Wounds


You were on level 4 of the Dungeon.
You were hungry.

You visited 1 branch of the dungeon, and saw 4 of its levels.

You collected 179 gold pieces.

Inventory:

Hand Weapons
 a - a +0 long sword (weapon)
Armour
 b - a +0 scale mail (worn)
 c - a +0 shield (worn)
 k - a +0 helmet (worn)
Jewellery
 h - an uncursed amulet of faith
 v - an amulet of the gourmand (around neck)
Scrolls
 e - 4 scrolls of identify {unknown}
 g - 2 scrolls of teleportation {unknown}
 j - a scroll of remove curse {unknown}
 m - a scroll of noise {unknown}
 o - a scroll of blinking {unknown}
 p - a scroll of random uselessness {unknown}
 w - a scroll of enchant armour {unknown}
Potions
 d - a potion of heal wounds {unknown}
 i - 4 potions of cancellation {unknown}
 n - 3 potions of curing {unknown}
 q - a potion of flight {unknown}
 r - a potion of invisibility {unknown}
 s - a potion of mutation {unknown}
Comestibles
 f - 3 bread rations
 l - 3 meat rations
 t - 4 fruits
 u - 2 chunks of flesh


   Skills:
 + Level 3.9 Fighting
 + Level 5.3 Long Blades
 + Level 4.7 Armour
 + Level 1.5 Dodging
 + Level 5.0 Shields


You had 6 spell levels left.
You didn't know any spells.

Dungeon Overview and Level Annotations

Branches:
Dungeon (4/15)
 Temple: D:4-7

Altars:

Annotations:
D:3 vlindergert's ghost, weakling HOFi


Innate Abilities, Weirdness & Mutations

You are resistant to damage.
You can heal yourself by infusing magical energy.
You passively map a small area around you.
You do not regenerate.


Message History

You slash the gnoll!
The gnoll is severely wounded.
The gnoll hits you with a halberd.
* * * LOW HITPOINT WARNING * * *
The gnoll hits you but does no damage.
You hit the gnoll.
The gnoll is almost dead.
You block the gnoll's attack.
The gnoll hits you from afar with a spear.
You hit the gnoll but do no damage.
The gnoll is almost dead.
You block the gnoll's attack. The gnoll closely misses you.
You hit the gnoll but do no damage.
The gnoll is almost dead.
You block the gnoll's attack. The gnoll hits you but does no damage.
You barely miss the gnoll.
The gnoll is almost dead.
The gnoll barely misses you. You block the gnoll's attack.
The gnoll hits you from afar with a spear!
You die...

.##.#.##.#...######.#.#
.##.#.##.#.#.######)#.#
..#.#.##.#.#.(....))#.#
#.#.#.##......#######.##
#..........#..# #..#
##..#..#####..# #..#
##.........#..# #..#####
....#..##.###.#######......#
##..#..##.# #.gg@.....)#####
##........###.####.#####
....#.......#.####.#
###.........g....#.#
#....#..#g######.#
#....#..#g######.#
#.....(...g......#
#<..)........###.#
##...###.........#


You could see 2 gnolls.

Vanquished Creatures
  Sigmund (D:2)
  An ice beast (D:4)
  A scorpion (D:4)
  A hound (D:4)
  2 orc wizards (D:4)
  Jessica (D:2)
  2 worker ants (D:4)
  7 adders
  2 gnolls (D:4)
  An ooze (D:1)
  A worm (D:4)
  A dart slug (D:1)
  2 leopard geckos (D:2)
  2 orcs (D:4)
  2 ball pythons (D:2)
  2 giant cockroaches
  6 goblins
  2 hobgoblins
  6 bats
  3 frilled lizards
  10 kobolds
  5 rats
61 creatures vanquished.

Notes
Turn   | Place    | Note
-------+----------+-------------------------------------------
     0 | D:1      | Peloso the Deep Dwarf Fighter began the quest for the Orb.
     0 | D:1      | Reached XP level 1. HP: 20/20 MP: 1/1
   101 | D:1      | Reached XP level 2. HP: 24/27 MP: 2/2
   640 | D:2      | Noticed Sigmund
   650 | D:2      | Killed Sigmund
   650 | D:2      | Reached XP level 3. HP: 22/34 MP: 3/3
   650 | D:2      | Reached XP level 4. HP: 27/42 MP: 4/4
   650 | D:2      | Reached XP level 5. HP: 31/49 MP: 5/5
   946 | D:2      | Noticed Jessica
   955 | D:2      | Killed Jessica
  1318 | D:3      | Reached XP level 6. HP: 24/56 MP: 6/6
  1322 | D:3      | Noticed vlindergert's ghost (weakling HOFi)
  1404 | D:4      | Noticed an ice beast
  1419 | D:4      | Killed an ice beast
  1419 | D:4      | Reached skill level 1 in Dodging
  1541 | D:4      | Reached skill level 5 in Long Blades
  1775 | D:4      | Reached XP level 7. HP: 34/63 MP: 7/7
  2112 | D:4      | Reached skill level 5 in Shields
  2118 | D:4      | Slain by a gnoll

Skill      XL: |  1  2  3  4  5  6  7 |
---------------+----------------------+-----
Fighting       | 3 |  3.9
Long Blades    | 3 4 5 |  5.3
Armour         | 4 |  4.7
Shields        | 4 5 |  5.0
Dodging        | 1 |  1.5

Action                   |  1- 3 |  4- 6 |  7- 9 || total
-------------------------+-------+-------+-------++-------
Melee: Long sword        |    31 |   172 |    67 ||   270
 Abil: Heal Wounds       |       |     1 |     1 ||     2
  Use: Potion            |     1 |       |       ||     1
  Eat: Chunk             |       |     3 |     1 ||     4
Armor: Scale mail        |     8 |    58 |    16 ||    82
Dodge: Dodged            |    14 |    53 |    18 ||    85
Block: Shield            |    13 |    77 |    59 ||   149
       Rpst.: Long sword |     9 |    16 |     3 ||    28
